 Dungeon Crawl Stone Soup version 0.17-a0-2098-gf59d6bc (webtiles) character file.

755 septik the Conjurer (level 7, -1/46 HPs)
             Began as a Mummy Wizard on Oct 17, 2015.
             Was a Follower of Sif Muna.
             Slain by a hungry ghost (4 damage)
             ... on level 6 of the Dungeon.
             The game lasted 00:47:23 (8024 turns).

septik the Conjurer (Mummy Wizard)                  Turns: 8024, Time: 00:47:25

Health: -1/46      AC: 12    Str: 11    XL:     7   Next: 49%
Magic:  3/12       EV: 12    Int: 19    God:    Sif Muna [*.....]
Gold:   227        SH:  0    Dex: 10    Spells: 3 memorised, 6 levels left

rFire  x . .     SeeInvis .     t - +1 dagger (venom)
rCold  + . .     Clarity  .     a - +0 robe
rNeg   + + +     SustAt   +     (no shield)
rPois  ∞         Gourm    .     d - +0 helmet
rElec  .         Spirit   .     q - +0 cloak
rCorr  .         Warding  .     (no gloves)
rMut   .         Stasis   .     w - +2 pair of boots
MR     .....                    (no amulet)
Stlth  ++........               x - ring of sustain attributes
                                j - +5 ring of protection

@: very slightly contaminated, not resistant to hostile enchantments, unstealthy
A: no food or potions, fire vulnerability, cold resistance 1, negative energy
resistance 3, torment resistance, unbreathing
a: Channel Energy, Renounce Religion


You were on level 6 of the Dungeon.
You worshipped Sif Muna.
Sif Muna was aware of your devotion.
You were not hungry.

You visited 2 branches of the dungeon, and saw 7 of its levels.

You collected 227 gold pieces.

Inventory:

Hand Weapons
 l - a +0 mace
 n - a +3 flail of crushing
 o - a +0 morningstar
 t - a +1 dagger of venom (weapon)
Missiles
 e - a throwing net
 h - 19 tomahawks (quivered)
Armour
 a - a +0 robe (worn)
 b - a +0 hat
 d - a +0 helmet (worn)
 k - a +0 pair of gloves
 q - a +0 cloak (worn)
 w - a +2 pair of boots (worn)
Jewellery
 g - an uncursed ring of flight
 j - a +5 ring of protection (left hand)
 p - an uncursed ring of loudness
 r - an uncursed ring of protection from magic {unknown}
 x - a ring of sustain attributes (right hand)
Wands
 f - a wand of disintegration (7)
 u - a wand of heal wounds (3)
Scrolls
 i - a scroll of blinking {unknown}
 s - 5 scrolls of identify
Books
 c - a book of Minor Magic

   Spells                             Type                      Level
   a - Magic Dart                     Conjuration                  1
   b - Blink                          Translocation                2
   c - Call Imp                       Summoning                    2
   d - Repel Missiles                 Charms/Air                   2
   e - Slow                           Hexes                        2
   f - Conjure Flame                  Conjuration/Fire             3
   g - Mephitic Cloud                 Conjuration/Poison/Air       3


   Skills:
 - Level 1.5 Dodging
 - Level 1.5 Stealth
 - Level 3.3 Spellcasting
 + Level 5.4 Conjurations
 - Level 3.3 Summonings
   Level 0.7 Translocations
 - Level 1.7 Poison Magic


You had 6 spell levels left.
You knew the following spells:

 Your Spells              Type           Power        Failure   Level  Hunger
a - Magic Dart            Conj           ###.         1%          1    N/A
b - Call Imp              Summ           ###.....     8%          2    N/A
c - Mephitic Cloud        Conj/Pois/Air  ##......     17%         3    N/A

Dungeon Overview and Level Annotations

Branches:
Dungeon (6/15)             Temple (1/1) D:4

Altars:
Ashenzari
Cheibriados
Dithmenos
Elyvilon
Gozag
Kikubaaqudgha
Makhleb
Nemelex Xobeh
Okawaru
Qazlal
Ru
Sif Muna
Vehumet
Xom
Yredelemnul
Zin
The Shining One


Innate Abilities, Weirdness & Mutations

You do not eat or drink.
Your flesh is vulnerable to fire.
You are immune to poison.
Your flesh is cold resistant.
You are immune to negative energy.
You are immune to unholy pain and torment.
You can survive without breathing.


Message History

The orc priest is lightly wounded.
The hungry ghost hits you.
Your crimson imp barely misses the hungry ghost.
You hit the orc priest.
The orc priest is moderately wounded.
The orc priest casts a cantrip, but nothing happens.
The hungry ghost barely misses you.
Your crimson imp blinks!
You hit the orc priest but do no damage.
The orc priest is heavily wounded.
The orc priest barely misses you. The hungry ghost hits you.
Your crimson imp hits the orc priest.
You closely miss the orc priest.
The orc priest is severely wounded.
Your crimson imp barely misses the orc priest.
The orc priest calls down the wrath of Beogh upon you.
Something smites you!
* * * LOW HITPOINT WARNING * * *
The hungry ghost hits you.
You die...

.. .# ###.##. .#..## ......
...... ..... ...... #o..
#.#...Z ##.) ......
$####..#####...#..?
#.##....#@W.....#..#
########..#....#o##...5.>.#
#..............55...#....##
#........##......####....###
#........##.....#####.......
#..<..............!.......##
#####.#######..##..........#
#..# #.............#.. ###
##.#####........####.##.###..


You could see a hungry ghost, an orc priest and 3 friendly crimson imps.

Vanquished Creatures
  A scorpion (D:5)
  A vampire bat (D:5)
  An iguana (D:4)
  A worker ant (D:5)
  5 adders
  A gnoll (D:4)
  5 orcs
  7 goblins
  3 hobgoblins
  A ball python (D:3)
  5 bats
  5 giant cockroaches
  A giant gecko (D:2)
  5 giant newts
  2 kobolds
  5 rats
49 creatures vanquished.

Vanquished Creatures (collateral kills)
  The ghost of Aelig the Slasher, an amateur HESk (D:4)
  A phantom (D:4)
  A centaur (D:5)
  A scorpion (D:5)
  2 vampire bats (D:5)
  3 crimson imps
  Ijyb (D:2)
  2 hounds
  2 orc priests
  2 orc wizards
  A giant frog skeleton (D:4)
  2 iguanas (D:4)
  Terence (D:3)
  Natasha (D:3)
  A worker ant (D:5)
  2 hound skeletons (D:5)
  5 adders
  3 gnolls (D:4)
  An adder skeleton (D:6)
  4 worms
  4 giant geckos
  14 orcs
  2 giant cockroaches
  4 hobgoblins
  3 jackals (D:2)
  2 quokkas
  7 bats
  A giant newt (D:3)
  A goblin (D:2)
  A kobold (D:2)
  A quokka zombie (D:6)
  A rat (D:2)
78 creatures vanquished.

Vanquished Creatures (others)
  A worker ant (D:5)
1 creature vanquished.

Grand Total: 128 creatures vanquished

Notes
Turn   | Place    | Note
--------------------------------------------------------------
     0 | D:1      | septik the Mummy Wizard began the quest for the Orb.
     0 | D:1      | Reached XP level 1. HP: 13/13 MP: 4/4
   115 | D:1      | Reached skill level 1 in Conjurations
   506 | D:1      | Reached XP level 2. HP: 19/19 MP: 0/6
   510 | D:1      | Learned a level 2 spell: Call Imp
   740 | D:2      | Noticed Ijyb
   788 | D:2      | Killed Ijyb
   788 | D:2      | Reached skill level 1 in Summonings
   796 | D:2      | Found a sparkling altar of Nemelex Xobeh.
   816 | D:2      | Reached XP level 3. HP: 21/24 MP: 0/7
  1967 | D:3      | Reached XP level 4. HP: 30/30 MP: 3/9
  2773 | D:3      | Found a faded altar to an unknown god.
  2883 | D:3      | Learned a level 3 spell: Mephitic Cloud
  3006 | D:3      | Noticed Terence
  3641 | D:3      | Killed Terence
  3641 | D:3      | Reached XP level 5. HP: 33/35 MP: 2/10
  3737 | D:3      | Noticed Natasha
  3762 | D:3      | Killed Natasha
  3762 | D:3      | Reached skill level 1 in Poison Magic
  3935 | D:4      | Found a staircase to the Ecumenical Temple.
  3941 | D:4      | Noticed Aelig's ghost (amateur HESk)
  3959 | D:4      | Killed Aelig's ghost
  4037 | Temple   | Entered the Ecumenical Temple
  4125 | Temple   | Became a worshipper of Sif Muna the Loreminder
  4507 | D:4      | Reached XP level 6. HP: 41/41 MP: 1/11
  5368 | D:5      | Entered Level 5 of the Dungeon
  5695 | D:5      | Reached skill level 4 in Conjurations
  6102 | D:5      | You fall through a shaft!
  6200 | D:5      | Reached XP level 7. HP: 39/46 MP: 7/12
  6291 | D:5      | Reached * piety under Sif Muna
  7100 | D:5      | Reached skill level 5 in Conjurations
  7982 | D:6      | Noticed a hungry ghost
  8024 | D:6      | Slain by a hungry ghost

Vault maps used:
D:1:      dpeg_arrival_refuge, serial_bayou_pond_e, serial_bayou_pond_c
D:2:      first_bread, nemelex_xobeh_ov_fountains_minmay, uniq_iyjb
D:3:      ecumenical_altar_2, grunt_ministairs_1, wad_orctagon, uniq_natasha,
          uniq_terence
D:4:      temple_statues, st_stairs_10
D:5:      roderic_batcave, minmay_stone_trees_small
D:6:      tso_metal_star
Temple:   lightli_temple_of_artemis

Action                   |  1- 3 |  4- 6 |  7- 9 || total
-------------------------+-------+-------+-------++-------
Melee: Club              |    37 |     2 |       ||    39
       Mace              |       |     7 |       ||     7
       Flail             |       |    30 |       ||    30
       Dagger            |       |    14 |    50 ||    64
 Cast: Magic Dart        |    52 |    33 |     1 ||    86
       Call Imp          |    21 |   119 |    67 ||   207
       Mephitic Cloud    |       |     1 |     6 ||     7
Invok: Channel Energy    |       |       |    11 ||    11
  Use: Scroll            |     4 |     6 |     1 ||    11
 Stab: Sleeping          |       |     1 |       ||     1
       Distracted        |       |     1 |       ||     1
